 Dungeon Crawl Stone Soup version 0.19-a0-1498-g0b85ae9 (webtiles) character file.

1346 4thArraOfDagon the Grappler (level 8, 0/60 HPs)
             Began as a Troll Ice Elementalist on Sept 10, 2016.
             Was a Follower of Ashenzari.
             Slain by an orc warrior
             ... wielding a +0 trident
              (17 damage)
             ... on level 8 of the Dungeon.
             The game lasted 00:06:30 (1436 turns).

4thArraOfDagon the Grappler (TrIE)                  Turns: 1436, Time: 00:06:31

Health: 0/60       AC:  5    Str: 13 (17) XL:     8   Next: 36%
Magic:  8/8        EV: 13    Int:  9 (13) God:    Ashenzari [*.....]
Gold:   122        SH:  8    Dex: 13 (15) Spells: 1 memorised, 8 levels left

rFire  . . .     SeeInvis .       - Unarmed
rCold  . . .     Gourm    +     a - +0 robe
rNeg   . . .     Faith    .     f - +0 shield (curse)
rPois  .         Spirit   .     (helmet restricted)
rElec  .         Dismiss  .     (no cloak)
rCorr  .         Reflect  .     (gloves unavailable)
MR     +....     Harm     .     (boots unavailable)
Stlth  ++........               (no amulet)
                                (no ring)
                                (no ring)

@: agile
A: unfitting armour, claws 3, deterioration 1, fast metabolism 3, frail 1,
gourmand, magic resistance 1, regeneration 1, shaggy fur 1, tough skin 2
a: Curse Item, Scrying, Renounce Religion


You were on level 8 of the Dungeon.
You worshipped Ashenzari.
Ashenzari was aware of your devotion.
You were full.

You visited 1 branch of the dungeon, and saw 8 of its levels.

You collected 122 gold pieces.

Inventory:

Missiles
 v - 8 javelins (quivered)
 w - 3 poisoned tomahawks
Armour
 a - a +0 robe (worn)
 f - a cursed +0 shield (worn)
Wands
 t - a wand of lightning (7/15)
Scrolls
 d - a scroll of fear {unknown}
 e - a scroll of blinking {unknown}
 h - a scroll of noise {unknown}
 i - 2 scrolls of amnesia {unknown}
 j - a scroll of immolation {unknown}
 m - a scroll of enchant armour {unknown}
 q - 2 scrolls of remove curse
 s - 2 scrolls of enchant weapon {unknown}
 u - a scroll of random uselessness {unknown}
Potions
 g - 2 potions of lignification {unknown}
 k - 2 potions of agility
 l - a potion of degeneration
 o - a potion of resistance {unknown}
 r - a potion of flight {unknown}
Books
 b - a book of Frost

   Spells                             Type                      Level
   a - Freeze                         Ice                          1
   b - Throw Frost                    Conjuration/Ice              2
   c - Ozocubu's Armour               Charms/Ice                   3
   d - Throw Icicle                   Conjuration/Ice              4
   e - Summon Ice Beast               Ice/Summoning                4
Comestibles
 c - 6 bread rations
 p - a meat ration


   Skills:
 - Level 1.5 Dodging
 - Level 1.1 Stealth
 + Level 4.4 Shields
 * Level 8.6 Unarmed Combat
 - Level 1.2 Spellcasting
   Level 0.6 Conjurations
 - Level 2.1 Ice Magic


You had 8 spell levels left.
You knew the following spells:

 Your Spells              Type           Power        Failure   Level  Hunger
a - Freeze                Ice            #...         38%         1    ##.....


Dungeon Overview and Level Annotations

Branches:
Dungeon (8/15)
 Temple: D:4-7         Lair: D:8-11

Altars:
Ashenzari
Cheibriados
Kikubaaqudgha
Uskayaw

Annotations:
D:5 Roxy's ghost, novice FoFi


Innate Abilities, Weirdness & Mutations

You are too large for most types of armour.
You have claws for hands.
Your metabolism is lightning-fast.
You like to eat raw meat.
Your natural rate of healing is unusually fast.
You are covered in fur. (AC +1)
You have very tough skin. (AC +2)
Your body sometimes deteriorates upon taking damage.
You are frail. (-10% HP)
You are resistant to hostile enchantments. (MR+)


Message History

You feel better. You block the orc warrior's attack.
Unknown command.
You feel agile all of a sudden. You block the orc warrior's attack.
Unknown command.
You closely miss the orc warrior.
The orc warrior is heavily wounded.
You block the orc warrior's attack.
The orc priest invokes the aid of Beogh against you.
Beogh smites you!
* * * LOW HITPOINT WARNING * * *
Unknown command.
You feel better.
The orc warrior hits you with a trident.
* * * LOW HITPOINT WARNING * * *
It was a potion of degeneration.
There was something very wrong with that liquid.
You feel weakened.
You feel dopey.
You feel clumsy.
The orc warrior hits you with a trident!
You die...

### #o. ## #o# .# #o#
.# #####@# .# #.....#
.# #.##### .# #.# .#
#.# ##### #.# ....#
#.# ###p# #.# #.#
#.####################


You could see an orc warrior, an orc priest and an orc.

Vanquished Creatures
  Pikel (D:8)
  Edmund (D:6)
  An orc warrior (D:8)
  A phantom (D:6)
  A slave (D:8)
  2 ogres
  A centaur (D:6)
  A crimson imp (D:5)
  2 jellies (D:6)
  An orc priest (D:8)
  A hound (D:6)
  An iguana (D:5)
  3 orc wizards
  A worker ant (D:6)
  A hound skeleton (D:4)
  A worker ant zombie (D:8)
  3 adders
  2 worms
  14 orcs
  2 giant cockroaches
  A goblin (D:3)
  A jackal skeleton (D:7)
  A kobold (D:3)
  2 rats
46 creatures vanquished.

Notes
Turn   | Place    | Note
-------+----------+-------------------------------------------
     0 | D:1      | 4thArraOfDagon the Troll Ice Elementalist began the quest for the Orb.
     0 | D:1      | Reached XP level 1. HP: 16/16 MP: 1/1
    38 | D:2      | Found a shattered altar of Ashenzari.
    52 | D:2      | Became a worshipper of Ashenzari the Shackled
    75 | D:3      | Noticed an orc wizard
    85 | D:2      | Killed an orc wizard
    85 | D:2      | Reached skill level 2 in Unarmed Combat
    85 | D:2      | Reached XP level 2. HP: 12/24 MP: 2/2
    91 | D:2      | Reached XP level 3. HP: 19/31 MP: 3/3
    99 | D:3      | Reached skill level 3 in Unarmed Combat
   340 | D:4      | Reached XP level 4. HP: 39/39 MP: 4/4
   363 | D:3      | Found a snail-covered altar of Cheibriados.
   390 | D:4      | Found an ancient bone altar of Kikubaaqudgha.
   404 | D:5      | Entered Level 5 of the Dungeon
   441 | D:5      | Noticed Roxy's ghost (novice FoFi)
   460 | D:5      | Noticed an ogre
   529 | D:5      | Reached skill level 4 in Unarmed Combat
   535 | D:5      | Reached skill level 1 in Shields
   535 | D:5      | Reached XP level 5. HP: 44/45 MP: 5/5
   549 | D:5      | Killed an ogre
   621 | D:4      | Noticed a hand axe
   621 | D:4      | Noticed a dagger
   622 | D:4      | Found a hide-covered altar of Uskayaw.
   727 | D:6      | Noticed a centaur
   748 | D:6      | Reached skill level 5 in Unarmed Combat
   754 | D:6      | Killed a centaur
   754 | D:6      | Reached XP level 6. HP: 14/53 MP: 6/6
   859 | D:6      | Gained mutation: Your body sometimes deteriorates upon taking damage. [potion of mutation]
   859 | D:6      | Gained mutation: You are resistant to hostile enchantments. (MR+) [potion of mutation]
   859 | D:6      | Gained mutation: You are frail. (-10% HP) [potion of mutation]
   866 | D:6      | Reached * piety under Ashenzari
   871 | D:6      | Reached skill level 6 in Unarmed Combat
   890 | D:6      | Noticed Edmund
   900 | D:6      | Killed Edmund
   900 | D:6      | Reached XP level 7. HP: 46/53 MP: 7/7
  1232 | D:8      | Reached skill level 7 in Unarmed Combat
  1257 | D:8      | Noticed Pikel
  1280 | D:8      | Killed Pikel
  1280 | D:8      | Reached skill level 8 in Unarmed Combat
  1280 | D:8      | Reached XP level 8. HP: 44/60 MP: 8/8
  1436 | D:8      | Slain by an orc warrior

Vault maps used:
D:1:      matt_arrival_diagonals
D:2:      evilmike_ruin_ashenzari, st_stairs_3
D:3:      nicolae_overflow_hidden_temple, first_bread,
          minmay_misc_feat_more_columns, minmay_misc_feat_five,
          grunt_ministairs_1
D:4:      kiku_gazebo_pond_becter, dancing_weapons_uskayaw, minmay_unequal,
          uniq_natasha
D:6:      uniq_edmund
D:8:      nicolae_whirlpool, amethyst_overflow_temple_binary, grunt_ogre_cave,
          uniq_pikel

Skill      XL: |  1  2  3  4  5  6  7 |
---------------+----------------------+-----
Unarmed Combat | 2 3 4 5 6 8 |  8.6
Shields        | 1 2 4 |  4.4
Dodging        | |  1.5
Stealth        | |  1.1
Spellcasting   | |  1.2
Conjurations   | |  0.6
Ice Magic      | |  2.1

Action                   |  1- 3 |  4- 6 |  7- 9 || total
-------------------------+-------+-------+-------++-------
Melee: Unarmed           |    60 |    64 |    74 ||   198
Invok: Curse Item        |       |     1 |       ||     1
  Use: Potion            |     1 |     1 |     5 ||     7
       Scroll            |       |     3 |       ||     3
 Stab: Sleeping          |       |       |     1 ||     1
  Eat: Chunk             |     6 |     6 |     3 ||    15
Armor: Robe              |    10 |    15 |    14 ||    39
Dodge: Dodged            |    21 |    27 |    21 ||    69
Block: Shield            |     3 |    26 |    25 ||    54
